 Dungeon Crawl Stone Soup version 0.26.1-11-gd32895ea62 (webtiles) character file.

Game seed: 4533112114605931034

217 ubername the Caller (level 5, -7/37 HPs)
             Began as a Barachi Summoner on July 15, 2021.
             Mangled by Duvessa
             ... wielding a +0 rapier
              (10 damage)
             ... on level 4 of the Dungeon.
             The game lasted 00:10:54 (5053 turns).

ubername the Caller (Barachi Summoner)              Turns: 5053, Time: 00:10:54

Health: -7/37      AC:  5    Str: 10      XL:     5   Next: 94%
Magic:  0/11       EV: 13    Int: 15 (16) God:
Gold:   160        SH:  0    Dex: 12      Spells: 6/12 levels left

rFire    . . .     SeeInvis .   q - +3 flail (protect)
rCold    . . .     Faith    .   (no shield)
rNeg     . . .     Spirit   .   a - +0 robe
rPois    .         Reflect  .   w - +0 helmet
rElec    .         Harm     .   u - +0 cloak
rCorr    .         Rampage  .   (no gloves)
Will     .....                  s - +0 pair of boots
Stlth    ++........             (no amulet)
HPRegen  0.12/turn              (no ring)
MPRegen  0.12/turn              (no ring)

@: can't hop, slow
A: +LOS, swims, slowness 1, strong legs 1
a: Hop


You were on level 4 of the Dungeon.
You visited 1 branch of the dungeon, and saw 4 of its levels.

You collected 160 gold pieces.

Inventory:

Hand Weapons
 d - a +0 club
 i - a +0 dagger
 o - a +0 hunting sling
 q - a +3 flail of protection (weapon)
Missiles
 b - 37 sling bullets
 e - 2 atropa-tipped darts (quivered)
 f - 209 stones
 m - a throwing net
 z - 26 poisoned darts
Armour
 a - a +0 robe (worn)
 s - a +0 pair of boots (worn)
 u - a +0 cloak (worn)
 w - a +0 helmet (worn)
Jewellery
 j - a cursed amulet of inaccuracy {unknown}
 l - an uncursed ring of fire {unknown}
 n - an uncursed amulet of regeneration {unknown}
 r - a +6 ring of strength {unknown}
 t - a cursed +6 ring of intelligence {unknown}
Wands
 x - a wand of iceblast (5)
Scrolls
 c - a scroll of fog {unknown}
 v - a scroll of identify {unknown}
 y - a scroll of remove curse
 A - a scroll of magic mapping
Potions
 g - 3 potions of curing
 h - a potion of flight
 k - a potion of invisibility {unknown}
 p - 2 potions of mutation {unknown}


   Skills:
 + Level 1.0 Fighting
 + Level 1.5 Maces & Flails
 + Level 3.1 Dodging
 + Level 2.0 Stealth
 + Level 4.1 Spellcasting
 + Level 6.1 Summonings


You had 6 spell levels left.
You knew the following spells:

 Your Spells              Type           Power        Failure   Level
a - Summon Small Mammal   Summ           84%          1%          1
b - Call Canine Familiar  Summ           21%          4%          3
c - Call Imp              Summ           21%          2%          2

Your spell library contained the following spells:

 Spells                   Type           Power        Failure   Level
 Summon Guardian Golem    Hex/Summ       12%          16%         3
 Summon Ice Beast         Ice/Summ       12%          45%         4
 Summon Lightning Spire   Summ/Air       12%          45%         4


Dungeon Overview and Level Annotations

Branches:
Dungeon (4/15)
 Temple: D:4-7

Altars:
Okawaru
Ru
Sif Muna
Xom

Annotations:
D:4 Dowan, Duvessa


Innate Abilities, Weirdness & Mutations

You can be seen from farther away. (+LOS)
You can swim through water.
You cover ground slowly.
You can hop short distances.


Message History

The orc priest is lightly wounded.
The orc priest hits you but does no damage. x2
You sock Duvessa!
Duvessa is lightly wounded.
Duvessa misses you.
The orc priest hits you but does no damage.
Duvessa closely misses you.
You hit Duvessa but do no damage.
Duvessa is lightly wounded.
Duvessa hits you with a +0 rapier.
* * * LOW HITPOINT WARNING * * *
The orc priest barely misses you.
Hop to where?
Press: ? - help, Dir - move target, p - Dowan Boing!
Casting: Call Imp (safe; 2% risk of failure)
Confirm with . or Enter, or press ? or * to list all spells.
A shadowy apparition takes form in the air.
Duvessa is no longer berserk.
Duvessa hits you with a +0 rapier!
You die...

#.# ##'## #####.## #.#
#......######.########
#.###..##.......(.....
#.#
#..##.##...#(.######
#.# #..##.#......(# .e
#.# #..........#..##.#
#.####.##5###........#
#......##@# ####..###
#########e#
#..######.#
#.######.........#
#...e..oJe########
###########


You could see Duvessa (slow) and a friendly shadow imp (summoned).

Vanquished Creatures
  A gnoll shaman (D:4)
  Natasha (D:3)
  A gnoll (D:4)
  An ooze (D:1)
  2 leopard geckos (D:2)
  A giant cockroach (D:1)
  2 jackals
  6 bats
  2 frilled lizards (D:1)
  2 kobolds
  2 rats
21 creatures vanquished.

Vanquished Creatures (collateral kills)
  An ogre (D:4)
  Terence (D:3)
  4 gnolls (D:4)
  3 adders
  An ooze (D:3)
  2 worms
  2 dart slugs (D:2)
  A leopard gecko (D:1)
  3 giant cockroaches
  7 hobgoblins
  10 jackals
  4 quokkas
  6 bats
  7 goblins
  7 kobolds
  4 rats
63 creatures vanquished.

Grand Total: 84 creatures vanquished

Notes
Turn   | Place    | Note
-------+----------+-------------------------------------------
     0 | D:1      | ubername the Barachi Summoner began the quest for the Orb.
     0 | D:1      | Reached XP level 1. HP: 13/13 MP: 3/3
   130 | D:1      | Reached skill level 5 in Summonings
   231 | D:1      | Reached XP level 2. HP: 19/19 MP: 2/5
   857 | D:1      | Reached XP level 3. HP: 18/24 MP: 7/7
   995 | D:1      | Learned a level 3 spell: Call Canine Familiar
   998 | D:1      | Learned a level 2 spell: Call Imp
  2507 | D:2      | Found a bloodstained altar of Trog.
  2539 | D:2      | Found a shimmering altar of Xom.
  2539 | D:2      | Found a shimmering blue altar of Sif Muna.
  2540 | D:2      | Found a blossoming altar of Fedhas.
  2540 | D:2      | Found an iron altar of Okawaru.
  2540 | D:2      | Found a glowing golden altar of the Shining One.
  2677 | D:2      | Reached XP level 4. HP: 31/31 MP: 4/8
  2755 | D:2      | Found a sacrificial altar of Ru.
  2942 | D:3      | Noticed Terence
  2982 | D:3      | Killed Terence
  3817 | D:3      | Noticed Natasha
  3834 | D:3      | Killed Natasha
  4372 | D:4      | Reached skill level 1 in Maces & Flails
  4372 | D:4      | Reached XP level 5. HP: 36/36 MP: 8/10
  4424 | D:4      | Noticed an ogre
  4447 | D:4      | Killed an ogre
  4681 | D:4      | Reached skill level 6 in Summonings
  4683 | D:4      | Reached skill level 1 in Fighting
  5026 | D:4      | Noticed Dowan
  5036 | D:4      | Noticed Duvessa
  5053 | D:4      | Mangled by Duvessa

Illustrated notes

Levels and vault maps discovered:
D:1:      minmay_arrival_nine_rooms, layout_loops_ring
D:2:      minmay_diamond_boxcup, layout_basic, general_overflow_altar,
          small_statue_intersection, corexii_corridor_pit, doesnt_xom_only_xom
D:3:      layout_loops_ring, uniq_terence, uniq_natasha
D:4:      layout_loops_corners, uniq_duvessa, uniq_pikel, uniq_eustachio,
          uniq_ijyb

Skill      XL: |  1  2  3  4  5 |
---------------+----------------+-----
Summonings     | 5 6 |  6.1
Spellcasting   | 3 4 |  4.1
Dodging        | 3 |  3.1
Maces & Flails | 1 |  1.5
Stealth        | 2 |  2.0
Fighting       | 1 |  1.0

Action                   |  1- 3 |  4- 6 || total
-------------------------+-------+-------++-------
Melee: Club              |    65 |     5 ||    70
       Flail             |       |    35 ||    35
Throw: Dart              |       |     3 ||     3
 Cast: Summon Small Mamm |    18 |       ||    18
       Call Canine Famil |    11 |    26 ||    37
       Call Imp          |     1 |     7 ||     8
 Abil: Hop               |       |     2 ||     2
  Use: Scroll            |       |     4 ||     4
       Potion            |       |     3 ||     3
 Stab: Sleeping          |     1 |       ||     1
Armor: Robe              |    18 |    20 ||    38
Dodge: Dodged            |    81 |    57 ||   138
